 Dungeon Crawl Stone Soup version 0.29-a0-330-g52719c12eb (webtiles) character file.

Game seed: 4584866627735038325

44 kae the Firebug (level 3, -7/19 HPs)
             Began as a Tengu Fire Elementalist on Apr 23, 2022.
             Mangled by Natasha (8 damage)
             ... on level 2 of the Dungeon.
             The game lasted 00:00:39 (1398 turns).

kae the Firebug (Tengu Fire Elementalist)           Turns: 1398, Time: 00:00:40

Health: -7/19      AC:  3    Str:  8    XL:     3   Next: 62%
Magic:  4/7        EV: 12    Int: 17    God:
Gold:   81         SH:  5    Dex: 14    Spells: 4/7 levels left

rFire   . . .      SeeInvis .   l - +2 hand axe (flame)
rCold   . . .      Faith    .   (no shield)
rNeg    . . .      Spirit   .   a - +0 robe
rPois   .          Reflect  +   (helmet restricted)
rElec   .          Harm     .   (no cloak)
rCorr   .          Rampage  .   j - +0 pair of gloves
Will    .....                   (boots unavailable)
Stlth   ++........              g - amulet of reflection
HPRegen 0.06/turn               (no ring)
MPRegen 0.10/turn               (no ring)

@: no status effects
A: beak, talons 3
a: no special abilities


You were on level 2 of the Dungeon.
You visited 1 branch of the dungeon, and saw 2 of its levels.

You collected 81 gold pieces.

Inventory:

Hand Weapons
 l - a +2 hand axe of flaming (weapon)
Armour
 a - a +0 robe (worn)
 j - a +0 pair of gloves (worn)
Jewellery
 g - an amulet of reflection (around neck)
Scrolls
 c - a scroll of identify
 d - a scroll of noise {unknown}
 f - a scroll of magic mapping {unknown}
 h - 2 scrolls of teleportation {unknown}
 i - a scroll of amnesia {unknown}
Potions
 b - a potion of magic
 e - a potion of resistance
 k - a potion of curing {unknown}


   Skills:
 - Level 2.1 Dodging
 - Level 2.0 Stealth
 + Level 2.6 Spellcasting
 + Level 2.7 Conjurations
 + Level 4.0 Fire Magic


You had 4 spell levels left.
You knew the following spells:

 Your Spells              Type           Power      Damage    Failure   Level
a - Foxfire               Conj/Fire      52%        2x1d6     4%          1
b - Scorch                Fire           30%        2d6       5%          2

Your spell library contained the following spells:

 Spells                   Type           Power      Damage    Failure   Level
 Conjure Flame            Conj/Fire      13%        6-21      14%         3
 Inner Flame              Hex/Fire       9%         N/A       24%         3
 Flame Wave               Conj/Fire      13%        2d6       41%         4


Dungeon Overview and Level Annotations

Branches:
Dungeon (2/15)

Altars:

Annotations:
D:2 Natasha


Innate Abilities, Weirdness & Mutations

You have a beak for a mouth.
You have claws for feet.


Message History

You conjure some foxfire!
Your foxfire dissipates!
You see here an adder skeleton.
Natasha, Servant of Life and Death comes into view.
Natasha is nearby!
Natasha is nearby!
Natasha is nearby!
Casting: Foxfire (safe; 4% risk of failure)
Confirm with . or Enter, or press ? or * to list all spells.
You conjure some foxfire!
The foxfire hits Natasha.
Natasha is lightly wounded.
Your foxfire dissipates!
Natasha casts a spell.
Casting: Foxfire (safe; 4% risk of failure)
Confirm with . or Enter, or press ? or * to list all spells.
You conjure some foxfire!
The foxfire hits Natasha but does no damage.
Natasha is lightly wounded.
The foxfire hits Natasha.
Natasha is moderately wounded.
Casting: Foxfire (safe; 4% risk of failure)
Confirm with . or Enter, or press ? or * to list all spells.
You conjure some foxfire!
The foxfire hits Natasha.
Natasha is heavily wounded.
The foxfire hits Natasha but does no damage.
Natasha is heavily wounded.
Natasha casts a spell at you. The magic dart hits you!
Casting: Foxfire (safe; 4% risk of failure)
Confirm with . or Enter, or press ? or * to list all spells.
You conjure some foxfire!
Natasha claws you!
* * * LOW HITPOINT WARNING * * *
The foxfire hits Natasha.
Natasha is severely wounded.
The foxfire hits Natasha.
Natasha is almost dead.
Natasha claws you!
You die...

#..# #...####..#
##.###########.........#
#.##..............#...#
#..........##.........#
####.......####...÷###..#
#....#####.....#...).#...
.....#### ##........÷....)..
###########.§..............÷
........5h@................
##########..............÷..
#...............#.
#...............#.
##.............##.
##.....#.....###.
############# ##


You could see Natasha and a crimson imp (summoned).

Vanquished Creatures
  2 adders (D:2)
  2 bats (D:2)
  2 giant cockroaches (D:1)
  5 goblins
  A hobgoblin (D:2)
  5 jackals
  A ball python (D:2)
  A kobold (D:2)
  7 rats
26 creatures vanquished.

Vanquished Creatures (others)
  98 foxfires
98 creatures vanquished.

Grand Total: 124 creatures vanquished

Notes
Turn   | Place    | Note
-------+----------+-------------------------------------------
     0 | D:1      | kae the Tengu Fire Elementalist began the quest for the
                  | Orb.
     0 | D:1      | Reached XP level 1. HP: 10/10 MP: 4/4
   366 | D:1      | Reached XP level 2. HP: 10/15 MP: 4/6
   453 | D:1      | Found a faded altar of an unknown god.
   471 | D:1      | Learned a level 2 spell: Scorch
  1001 | D:2      | Reached XP level 3. HP: 19/19 MP: 4/7
  1312 | D:2      | Reached skill level 4 in Fire Magic
  1385 | D:2      | Noticed Natasha
  1398 | D:2      | Mangled by Natasha

Illustrated notes

Levels and vault maps discovered:
D:1:      zaba_arrival_water, layout_basic, ebering_ecumenical_altar_box
D:2:      layout_rooms, kennysheep_donut, uniq_natasha, uniq_terence

Skill      XL: |  1  2  3 |
---------------+----------+-----
Conjurations   | 2 |  2.7
Fire Magic     | 4 |  4.0
Dodging        | |  2.1
Stealth        | |  2.0
Spellcasting   | |  2.6

Action                   || total
-------------------------++-------
Melee: Unarmed           ||    15
       Kick              ||     2
       Hand axe          ||     1
 Cast: Foxfire           ||    57
  Use: Scroll            ||     1
 Stab: Sleeping          ||     1
Armor: Robe              ||     6
Dodge: Dodged            ||    12
Block: Other             ||     1

Table legend: (Time is in decaauts)
 A = Elapsed time spent in this place.
 B = Non-inter-level travel time spent in this place.
 C = Inter-level travel time spent in this place.
 D = Time resting spent in this place.
 E = Time spent auto-exploring this place.
 F = Levels seen in this place.
 G = Mean time per level.
                   A        B        C        D        E       F      G
               +--------+--------+--------+--------+--------+-----+--------+
         Total |   1404 |   1368 |     36 |      0 |   1145 |   2 |  702.0 |
       Dungeon |   1404 |   1368 |     36 |      0 |   1145 |   2 |  702.0 |
               +--------+--------+--------+--------+--------+-----+--------+

Top non-repeatable levels by time:
     D:1: 860 daAuts
     D:2: 543 daAuts
